Map: Dusty Gorge

Players

Florbo - Winner!

  • Race: Zerg Zerg
  • Spawn Location: 3:00

Abraxas - Winner!

  • Race: Protoss Protoss
  • Spawn Location: 5:00

RaffiLDZ

  • Race: Terran Terran
  • Spawn Location: 9:00

ngarner

  • Race: Terran Terran
  • Spawn Location: 11:00

VOD

Have the link to the VOD?

Description

Time

  • Played on: Nov. 17, 2018, 11 p.m.
  • Length: 15:22
Show
View Real Time Build Order
Export as new Build Order

Florbo Zerg - Winner!

Build Orders: Pool First 

Get SALT Encoding   

  12  0:08  Drone x2  
  14  0:36  Overlord x3  
  14  0:41  Extractor  
  13  0:58  Drone  
  13  0:59  Drone  
  15  1:06  Spawning Pool  
  14  1:14  Evolution Chamber  
  13  1:56  Zergling x6  
  16  2:25  Drone  
  16  2:26  Overlord  
  17  3:02  Hatchery  
  16  3:25  Extractor  
  16  3:26  Zergling x6  
  18  3:36  Metabolic Boost  
  18  4:16  Drone  
  19  4:19  Queen  
  21  4:28  Lair  
  21  4:31  Zergling x6  
  24  5:16  Zergling x2  
  24  5:17  Zergling x4  
  27  6:34  Zergling x6  
  27  6:35  Zergling x4  
  28  8:44  Zergling x6  
  31  9:01  Hydralisk Den  
  30  9:09  Spire  
  29  9:14  Drone x3  
  30  10:34  Mutalisk x3  
  36  10:40  Zergling x2  
  36  10:41  Zergling x4  
  39  11:54  Mutalisk x3  
  45  13:07  Mutalisk x3  
  45  13:12  Overlord x2  
  51  13:30  Queen  
  53  14:09  Mutalisk x3  
  55  14:13  Queen  
  61  14:25  Mutalisk x3  
  61  14:27  Overlord  
  61  14:28  Overlord x2  
Show
View Real Time Build Order
Export as new Build Order

Abraxas Protoss - Winner!

Build Orders: Cannon Rush 

Get SALT Encoding   

  12  0:07  Probe (Chrono Boost)  
  13  0:19  Probe (Chrono Boost)  
  14  0:24  Probe (Chrono Boost)  
  14  0:26  Pylon  
  15  0:34  Pylon  
  15  0:44  Probe  
  16  0:56  Probe  
  17  1:08  Probe  
  18  1:15  Forge  
  18  1:25  Pylon  
  18  1:26  Pylon  
  18  1:30  Pylon  
  18  1:53  Photon Cannon  
  18  1:57  Photon Cannon x2  
  18  2:02  Photon Cannon  
  18  2:14  Pylon  
  18  2:19  Photon Cannon  
  18  2:31  Photon Cannon  
  18  2:46  Photon Cannon x2  
  18  2:51  Probe  
  19  3:13  Photon Cannon  
  19  3:14  Pylon  
  19  3:26  Pylon  
  19  3:35  Pylon, Photon Cannon  
  19  3:46  Photon Cannon  
  19  3:55  Photon Cannon  
  19  4:01  Pylon  
  19  4:11  Photon Cannon  
  19  4:32  Pylon  
  19  4:35  Pylon  
  19  4:49  Probe  
  20  5:00  Pylon  
  20  5:01  Probe  
  20  5:06  Pylon  
  21  5:15  Pylon  
  21  5:21  Photon Cannon  
  21  5:22  Photon Cannon  
  21  5:29  Pylon  
  21  5:48  Photon Cannon  
  21  5:49  Photon Cannon  
  21  5:51  Photon Cannon  
  21  5:54  Pylon  
  21  6:15  Photon Cannon  
  21  6:16  Photon Cannon  
  21  6:22  Photon Cannon  
  21  6:32  Photon Cannon  
  21  6:45  Photon Cannon  
  21  6:50  Photon Cannon  
  21  7:24  Pylon  
  21  7:25  Probe  
  22  7:32  Nexus  
  22  7:36  Pylon  
  22  8:03  Nexus  
  22  8:14  Photon Cannon  
  22  8:26  Photon Cannon  
  22  8:59  Assimilator  
  22  9:03  Assimilator  
  22  9:19  Pylon  
  22  9:42  Photon Cannon  
  22  9:44  Photon Cannon  
  21  9:45  Photon Cannon  
  21  9:47  Photon Cannon  
  21  9:53  Probe  
  22  10:04  Probe (Chrono Boost)  
  24  10:08  Probe (Chrono Boost)  
  25  10:14  Probe (Chrono Boost)  
  25  10:17  Probe (Chrono Boost)  
  25  10:20  Probe (Chrono Boost)  
  28  10:23  Probe (Chrono Boost)  
  28  10:25  Probe (Chrono Boost)  
  28  10:28  Probe (Chrono Boost)  
  30  10:34  Probe (Chrono Boost)  
  30  10:35  Probe (Chrono Boost)  
  33  10:36  Probe (Chrono Boost)  
  33  10:40  Probe  
  34  10:43  Probe  
  34  10:47  Probe  
  36  10:52  Pylon, Probe  
  36  10:53  Gateway  
  37  11:07  Pylon  
  37  11:16  Pylon  
  37  11:19  Assimilator  
  37  11:21  Probe (Chrono Boost)  
  37  11:24  Assimilator  
  38  11:30  Gateway  
  38  11:31  Probe (Chrono Boost)  
  39  11:35  Probe (Chrono Boost)  
  39  11:36  Probe (Chrono Boost)  
  41  11:46  Probe  
  42  11:47  Probe  
  42  11:51  Cybernetics Core  
  43  11:58  Probe  
  43  12:00  Probe  
  45  12:10  Probe  
  46  12:22  Probe  
  47  12:35  Stargate  
  47  12:36  Stargate  
  47  12:39  Stargate  
  47  12:41  Stargate  
  47  12:43  Stargate  
  47  12:45  Stargate  
  47  12:46  Assimilator  
  47  12:47  Assimilator  
  47  12:52  Assimilator  
  47  12:55  Assimilator  
  47  13:00  Nexus  
  47  13:21  Nexus  
  47  13:33  Probe (Chrono Boost)  
  48  13:35  Nexus  
  48  13:36  Nexus  
  48  13:42  Nexus  
  48  13:45  Probe (Chrono Boost)  
  49  13:53  Probe (Chrono Boost)  
  50  13:58  Assimilator  
  50  14:00  Probe  
  51  14:05  Assimilator  
  51  14:07  Fleet Beacon  
  51  14:09  Stargate  
  51  14:14  Probe (Chrono Boost)  
  51  14:16  Probe (Chrono Boost), Stargate x2  
  54  14:26  Probe (Chrono Boost)  
  54  14:27  Probe (Chrono Boost)  
  55  14:34  Probe (Chrono Boost)  
  55  14:37  Probe (Chrono Boost)  
  57  14:43  Probe (Chrono Boost)  
  59  14:49  Probe (Chrono Boost)  
  59  14:51  Probe x2 (Chrono Boost)  
  61  14:55  Probe (Chrono Boost)  
  61  14:59  Probe (Chrono Boost)  
  65  15:01  Probe x2 (Chrono Boost)  
  65  15:02  Probe (Chrono Boost)  
  65  15:05  Pylon  
  65  15:06  Probe (Chrono Boost)  
  67  15:07  Probe (Chrono Boost)  
  67  15:08  Probe (Chrono Boost)  
Show
View Real Time Build Order
Export as new Build Order

RaffiLDZ Terran 

Build Orders: Liberator Opening 

Get SALT Encoding   

  12  0:21  Supply Depot  
  12  0:29  SCV  
  13  0:41  SCV  
  14  0:53  SCV  
  14  0:56  Barracks  
  15  1:03  Refinery  
  15  1:05  SCV  
  16  1:26  SCV  
  16  1:30  Refinery  
  17  1:38  SCV  
  18  1:50  SCV  
  19  2:02  SCV  
  19  2:05  Marine  
  21  2:15  SCV  
  22  2:23  Marine  
  23  2:35  Factory  
  23  2:54  Supply Depot  
  23  3:16  Marine  
  23  3:18  Supply Depot  
  23  3:26  Starport  
  22  3:33  Marine  
  23  3:41  Supply Depot  
  22  3:51  Marine, Liberator  
  23  4:04  Supply Depot  
  23  4:09  Marine  
  27  4:26  Supply Depot  
  27  4:27  Marine  
  28  4:34  Liberator  
  28  4:49  Supply Depot  
  28  5:17  Liberator  
  28  5:21  Supply Depot  
  28  5:32  Bunker  
  31  5:43  Supply Depot  
  31  5:59  Liberator  
  31  6:06  Supply Depot  
  31  6:08  Bunker  
  31  6:11  Marine  
  35  6:28  Marine  
  35  6:32  Supply Depot  
  36  6:42  Liberator  
  36  6:46  Marine  
  37  6:54  Supply Depot  
  37  6:55  Cyclone  
  43  7:03  Refinery  
  43  7:04  Marine  
  43  7:22  Marine  
  44  7:27  Cyclone  
Show
View Real Time Build Order
Export as new Build Order

ngarner Terran 

Build Orders:  

Get SALT Encoding   

  12  0:09  SCV  
  13  0:18  Supply Depot  
  13  0:21  SCV  
  14  0:33  SCV  
  15  0:45  SCV  
  16  0:51  Refinery  
  16  0:57  SCV  
  17  1:09  SCV  
  18  1:21  SCV  
  19  1:33  SCV  
  20  1:46  SCV  
  21  1:56  Command Center  
  21  1:58  SCV  
  22  2:02  Refinery  
  22  2:10  SCV  
  23  2:18  Barracks  
  23  2:43  Supply Depot  
  23  3:06  Supply Depot, Barracks  
  23  3:15  SCV  
  24  3:28  SCV, Bunker  
  24  3:33  Engineering Bay  
  25  3:37  Bunker  
  25  3:40  SCV  
  26  3:52  SCV  
  27  4:04  SCV  
  28  4:16  SCV  
  29  4:17  Bunker  
  29  4:22  Missile Turret  
  29  4:28  SCV  
  30  4:31  Refinery  
  30  4:40  SCV  
  31  4:52  SCV  
  32  5:04  SCV  
  33  5:16  SCV  
  34  5:29  SCV  
  35  5:37  Missile Turret  
  35  5:42  Factory  
  35  5:46  Barracks Tech Lab  
  35  5:49  Barracks Tech Lab  
  17  6:14  Marauder  
Tags
 
Add a new tag
Caveats
  • Supply blocks, unpowered buildings, or Contaminate may cause inaccurate times.
  • Supply counts are checked every 10 seconds.